 Dungeon Crawl Stone Soup version 0.17-a0-1996-gd2c0ec8 (webtiles) character file.

40868 Shim the Covert (level 13, -2/83 HPs)
             Began as a High Elf Warper on Oct 6, 2015.
             Was an Elder of Dithmenos.
             Slain by a death yak (20 damage)
             ... on level 6 of the Lair of Beasts on Oct 7, 2015.
             The game lasted 04:24:10 (31215 turns).

Shim the Covert (High Elf Warper)                  Turns: 31215, Time: 04:24:10

Health: -2/83      AC:  9    Str: 14    XL:     13   Next: 76%
Magic:  0/28       EV: 26    Int: 22    God:    Dithmenos [****..]
Gold:   837        SH:  0    Dex: 19    Spells: 9 memorised, 6 levels left

rFire  . . .     SeeInvis .     N - +9 long sword (drain)
rCold  . . .     Clarity  .     R - +0 leather armour of Misy {+Inv Slay+3 Stlth+}
rNeg   . . .     SustAt   .     (no shield)
rPois  +         Gourm    .     p - +2 hat {Int+3}
rElec  .         Spirit   +     Z - +0 cloak
rCorr  .         Warding  .     d - +2 pair of gloves
rMut   .         Stasis   .     (no boots)
MR     +....                    o - amulet of guardian spirit
Stlth  +++++++++.               M - ring of wizardry
                                P - ring of poison resistance

@: phasing, wreathed by umbra, somewhat resistant to hostile enchantments,
incredibly stealthy
A: repulsion field 1, mutation resistance 1, strong 2, wild magic 1
a: Shadow Step, Renounce Religion, Evoke Invisibility


You were on level 6 of the Lair of Beasts.
You worshipped Dithmenos.
Dithmenos was greatly pleased with you.
You were hungry.

You visited 3 branches of the dungeon, and saw 19 of its levels.

You collected 986 gold pieces.
You spent 149 gold pieces at shops.

Inventory:

Hand Weapons
 j - a +3 dagger of protection
 l - a +2 shortbow
 N - a +9 long sword of draining (weapon)
Missiles
 w - 147 arrows
 H - 4 javelins of penetration (quivered)
 L - 24 poisoned arrows
 Q - 4 tomahawks
Armour
 d - a +2 pair of gloves (worn)
 p - a +2 hat of intelligence (worn)
 R - the +0 leather armour of Misy (worn) {+Inv Slay+3 Stlth+}
   (You found it on level 4 of the Lair of Beasts)

   It affects your accuracy and damage with ranged weapons and melee attacks
   (+3).
   It lets you turn invisible.
   It makes you more stealthy.
 V - a +2 robe of magic resistance
 Z - a +0 cloak (worn)
Jewellery
 b - an uncursed amulet of resist mutation
 o - an amulet of guardian spirit (around neck)
 M - a ring of wizardry (right hand)
 O - a +5 ring of intelligence
 P - a ring of poison resistance (left hand)
Wands
 v - a wand of digging (17)
 F - a wand of digging (12)
Scrolls
 c - a scroll of noise {unknown}
 u - 3 scrolls of teleportation
 B - 2 scrolls of recharging
 D - 9 scrolls of remove curse
 G - a scroll of fear
 W - a scroll of silence {unknown}
Potions
 a - 3 potions of cure mutation {unknown}
 e - a potion of mutation {unknown}
 g - 5 potions of agility
 n - a potion of beneficial mutation {unknown}
 q - a potion of magic {unknown}
 s - 6 potions of curing
 t - 6 potions of might
 A - a potion of resistance {unknown}
 J - a potion of cancellation {unknown}
 S - a potion of ambrosia
 X - 4 potions of heal wounds
Books
 m - a book of the Dragon

   Spells                             Type                      Level
   a - Flame Tongue                   Conjuration/Fire             1
   b - Cause Fear                     Hexes                        4
   c - Bolt of Fire                   Conjuration/Fire             6
   d - Dragon Form                    Transmutation                7
   e - Dragon's Call                  Summoning                    9
 r - a book of Annihilations

   Spells                             Type                      Level
   a - Poison Arrow                   Conjuration/Poison           6
   b - Chain Lightning                Conjuration/Air              8
   c - Lehudib's Crystal Spear        Conjuration/Earth            8
   d - Glaciate                       Conjuration/Ice              9
   e - Fire Storm                     Conjuration/Fire             9
 x - a book of Minor Magic

   Spells                             Type                      Level
   a - Magic Dart                     Conjuration                  1
   b - Blink                          Translocation                2
   c - Call Imp                       Summoning                    2
   d - Repel Missiles                 Charms/Air                   2
   e - Slow                           Hexes                        2
   f - Conjure Flame                  Conjuration/Fire             3
   g - Mephitic Cloud                 Conjuration/Poison/Air       3
 I - a book of the Warp

   Spells                             Type                      Level
   a - Recall                         Summoning/Translocation      3
   b - Gell's Gravitas                Hexes/Translocation          3
   c - Force Lance                    Conjuration/Translocation    4
   d - Phase Shift                    Translocation                5
   e - Warp Weapon                    Charms/Translocation         5
   f - Summon Forest                  Summoning/Translocation      5
 U - a book of Maledictions

   Spells                             Type                      Level
   a - Corona                         Hexes                        1
   b - Ensorcelled Hibernation        Hexes/Ice                    2
   c - Confuse                        Hexes                        3
   d - Tukima's Dance                 Hexes                        3
   e - Dazzling Spray                 Conjuration/Hexes            3
Miscellaneous
 i - a box of beasts
 y - an ornate deck of summoning {Repulsiveness}
 E - a plain deck of defence {drawn: 2}
Comestibles
 f - 6 bread rations
 k - 9 royal jellies
 z - 5 beef jerkies
 T - 2 meat rations
 Y - 17 fruits


   Skills:
 + Level 5.7 Fighting
 + Level 4.0(8.4) Short Blades
 * Level 11.3(11.6) Long Blades
 + Level 10.8 Bows
 - Level 2.4 Throwing
 + Level 2.6 Armour
 + Level 11.0 Dodging
 + Level 11.7 Stealth
 + Level 10.0 Spellcasting
 + Level 2.5 Conjurations
 + Level 0.6 Hexes
 + Level 5.7 Charms
 + Level 8.7 Translocations
 + Level 1.3 Invocations
 * Level 3.9 Evocations


You had 6 spell levels left.
You knew the following spells:

 Your Spells              Type           Power        Failure   Level  Hunger
a - Apportation           Tloc           ######....   1%          1    None
b - Blink                 Tloc           N/A          1%          2    None
c - Shroud of Golubria    Chrm/Tloc      ######....   1%          2    None
d - Teleport Other        Tloc           ######..     1%          3    None
e - Portal Projectile     Tloc           ######       1%          3    None
f - Gell's Gravitas       Hex/Tloc       #####.....   3%          3    None
g - Force Lance           Conj/Tloc      ######..     8%          4    ##.....
h - Phase Shift           Tloc           ######....   6%          5    ####...
i - Confuse               Hex            ###.....     12%         3    None


Dungeon Overview and Level Annotations

Branches:
Dungeon (12/15)            Temple (0/1) D:4            Lair (6/8) D:11
  Swamp (0/4) Lair:6       Spider (1/4) Lair:5          Orc (0/4) D:12
  Slime: Lair:6-8

Altars:
Ashenzari
Cheibriados
Dithmenos
Gozag
Nemelex Xobeh
Qazlal
Trog
Vehumet
Xom
Yredelemnul
Zin
The Shining One

Shops:
D:6 (

Annotations:
D:2 Sigmund
D:5 graki42's ghost, novice DEFE
D:10 Sonja


Innate Abilities, Weirdness & Mutations

You are surrounded by a mild repulsion field (EV +2).
You are somewhat resistant to further mutation.
Your muscles are very strong. (Str +4)
Your spells are a little harder to cast, but a little more powerful.


Message History

The death yak completely misses you. x2
You hit the death yak.
You kill the death yak!
Dithmenos accepts your kill. The death yak misses you. The death yak gores you!
There is an escape hatch in the floor here.
You slash the death yak! You drain the death yak!
The death yak is heavily wounded.
The death yak completely misses you.
You momentarily phase out as the death yak's attack passes through you.
You are feeling hungry.
You hit the death yak but do no damage.
The death yak is heavily wounded.
The death yak gores you but does no damage.
The death yak gores you!! x2
* * * LOW HITPOINT WARNING * * *
Your magical contamination has completely faded away.
The death yak misses you. x2
The death yak gores you!!
You die...

#####..# #........... ..#...####
### ##...........
.........#####.#### #............
.....†....##.##.#.####...........
..%P.#..............#............
##.####....†.....................
### ##)..†.....Y................
#.....#.###YY...............
##....####.@Y..#............
#....## #..Y###.YY.........
##.....## ##...##............
#.#....P####...##...Y.Y...... ##
#.....§P.F§...#.............P
.####...................≈≈≈≈≈....
...##...................≈≈≈≈≈....
.........P...#.P........≈≈≈≈≈/P..
...........###.#...#....≈≈≈≈≈...#


You could see 3 death yaks and 2 yaks.

Vanquished Creatures
  Nessos (Lair:5)
  Snorg (D:10)
  2 hydras
  Urug (D:11)
  3 death yaks (Lair:6)
  Nergalle (D:10)
  3 hill giants
  Pikel (D:6)
  A wolf spider (Spider:1)
  A griffon (Lair:5)
  12 spiny frogs
  2 slime creatures (D:12)
  Maurice (D:9)
  Psyche (D:9)
  5 black mambas
  5 komodo dragons
  3 giant leeches (Lair:6)
  A queen bee (Lair:2)
  3 fire drakes (Lair:5)
  11 blink frogs
  A tarantella (Spider:1)
  A shadow (D:11)
  A spriggan (D:7)
  3 redbacks (Spider:1)
  A trapdoor spider (D:10)
  21 yaks
  A wyvern (D:10)
  6 hippogriffs
  A steam dragon (D:12)
  A deep elf fighter (D:11)
  2 basilisks
  Menkaure (D:7)
  A mottled dragon (D:12)
  8 orc warriors
  11 water moccasins
  11 wolves
  2 soldier ants
  8 spiders (Lair:5)
  2 wasps
  15 porcupines
  6 sky beasts
  A black bear (D:7)
  5 necrophages (D:10)
  4 ice beasts
  3 centaurs
  7 ogres
  3 phantoms
  6 crocodiles
  15 giant frogs
  A gnoll sergeant (D:9)
  28 killer bees
  5 scorpions
  9 wights (D:10)
  2 giant frog zombies
  An electric eel (D:6)
  7 crimson imps
  9 orc priests
  2 quasits
  3 centaur skeletons
  2 centaur zombies
  A jelly (D:5)
  11 orc wizards
  2 giant frog skeletons
  Ijyb (D:3)
  8 iguanas
  Jessica (D:3)
  9 hounds
  4 hell rats (Lair:3)
  7 worker ants
  12 sheep
  A killer bee zombie (D:6)
  3 hound zombies
  2 mummies (D:10)
  A worker ant zombie (D:10)
  49 river rats
  13 adders
  9 gnolls (D:9)
  5 shadow imps
  An ooze (D:2)
  An adder zombie (D:9)
  An adder skeleton (D:9)
  6 worms
  7 giant geckos
  55 orcs
  17 bats
  3 giant cockroaches
  5 goblins
  6 hobgoblins
  2 ball pythons
  A giant cockroach zombie (D:6)
  18 giant newts
  9 jackals
  9 kobolds
  A quokka (D:6)
  2 quokka skeletons
  25 rats
  2 fungi
  2 plants
588 creatures vanquished.

Vanquished Creatures (others)
  Joseph (D:7)
  A deep elf mage (D:9)
  A sky beast (D:7)
  3 centaurs (D:7)
  A slave (D:6)
  A crimson imp (D:6)
  A hound (D:7)
  A giant frog zombie (D:6)
  An orc wizard (D:7)
  A worker ant zombie (D:6)
  2 adders (D:6)
  4 orcs (D:6)
  A ball python (D:6)
  14 fungi
  9 plants
42 creatures vanquished.

Grand Total: 630 creatures vanquished

Notes
Turn   | Place    | Note
--------------------------------------------------------------
     0 | D:1      | Shim the High Elf Warper began the quest for the Orb.
     0 | D:1      | Reached XP level 1. HP: 14/14 MP: 4/4
   417 | D:1      | Reached skill level 1 in Armour
   450 | D:1      | Reached XP level 2. HP: 10/19 MP: 6/6
   454 | D:1      | Learned a level 2 spell: Blink
   673 | D:1      | Reached skill level 1 in Stealth
   781 | D:1      | Learned a level 2 spell: Shroud of Golubria
  1501 | D:1      | Reached XP level 3. HP: 24/24 MP: 7/7
  1729 | D:2      | Found a shimmering altar of Xom.
  2199 | D:2      | Noticed Sigmund
  2895 | D:2      | Found a glowing golden altar of the Shining One.
  2926 | D:3      | Reached XP level 4. HP: 29/29 MP: 8/8
  2931 | D:3      | Learned a level 3 spell: Teleport Other
  2964 | D:3      | Found a shadowy altar of Dithmenos.
  2975 | D:3      | Became a worshipper of Dithmenos the Shadowed
  3171 | D:3      | Noticed Jessica
  3174 | D:3      | Killed Jessica
  3294 | D:3      | Noticed Ijyb
  3357 | D:3      | Killed Ijyb
  3702 | D:3      | Reached skill level 1 in Charms
  3702 | D:3      | Reached XP level 5. HP: 10/35 MP: 0/9
  3924 | D:3      | Found a shattered altar of Ashenzari.
  4157 | D:5      | Entered Level 5 of the Dungeon
  4684 | D:4      | Found a sparkling altar of Nemelex Xobeh.
  4801 | D:4      | Found a staircase to the Ecumenical Temple.
  4896 | D:4      | Reached XP level 6. HP: 15/41 MP: 1/11
  5338 | D:5      | Found a snail-covered altar of Cheibriados.
  5346 | D:5      | Found a basalt altar of Yredelemnul.
  5448 | D:5      | Reached skill level 4 in Dodging
  5767 | D:5      | Noticed a centaur
  5799 | D:5      | Killed a centaur
  6161 | D:5      | Noticed graki42's ghost (novice DEFE)
  7016 | D:5      | Reached XP level 7. HP: 37/45 MP: 5/12
  7111 | D:5      | Noticed a moth of wrath
  7114 | D:5      | Found a bloodstained altar of Trog.
  7291 | D:5      | HP: 1/45 [graki42's ghost (2)]
  8322 | D:5      | Paralysed by graki42's ghost for 3 turns
  8335 | D:5      | HP: 2/45 [graki42's ghost/flame tongue (5)]
  8976 | D:6      | Found Hoacuf's Antique Weapon Shop.
  8981 | D:6      | Bought a runed long sword for 80 gold pieces
  8981 | D:6      | Bought a runed falchion for 69 gold pieces
  9344 | D:6      | Reached skill level 1 in Long Blades
  9344 | D:6      | Reached skill level 5 in Bows
  9344 | D:6      | Reached XP level 8. HP: 51/51 MP: 13/13
  9355 | D:6      | Reached skill level 5 in Dodging
  9534 | D:6      | Gained mutation: Your spells are a little harder to cast, but a little more powerful. [mutagenic meat]
  9545 | D:6      | Gained mutation: You are somewhat resistant to further mutation. [mutagenic meat]
  9557 | D:6      | Gained mutation: You are surrounded by a mild repulsion field (EV +2). [mutagenic meat]
  9754 | D:6      | Learned a level 3 spell: Portal Projectile
  9793 | D:6      | Noticed Pikel
 10084 | D:6      | Killed Pikel
 10084 | D:6      | Reached skill level 5 in Stealth
 10462 | D:6      | Reached skill level 6 in Bows
 10545 | D:6      | Found a radiant altar of Vehumet.
 11262 | D:7      | Noticed Joseph
 11333 | D:7      | Reached XP level 9. HP: 57/57 MP: 7/16
 11655 | D:7      | Reached skill level 7 in Bows
 11673 | D:7      | Killed Joseph
 11719 | D:7      | Noticed Menkaure
 11800 | D:7      | Found a shimmering altar of Xom.
 12116 | D:7      | Acquired Dithmenos's first power
 12191 | D:7      | Reached skill level 5 in Translocations
 12597 | D:7      | Killed Menkaure
 12757 | D:7      | Reached skill level 5 in Long Blades
 13179 | D:8      | Found an opulent altar of Gozag.
 13266 | D:8      | Reached skill level 8 in Bows
 13415 | D:8      | Reached XP level 10. HP: 49/63 MP: 3/18
 13542 | D:8      | Learned a level 3 spell: Gell's Gravitas
 14305 | D:9      | Noticed Psyche
 14323 | D:9      | Killed Psyche
 14679 | D:9      | Found a glowing silver altar of Zin.
 14756 | D:9      | Reached skill level 5 in Spellcasting
 15016 | D:9      | Noticed Maurice
 15073 | D:9      | Acquired Dithmenos's second power
 15254 | D:9      | Killed Maurice
 15728 | D:10     | Entered Level 10 of the Dungeon
 15993 | D:10     | Noticed Sonja
 16941 | D:10     | Reached skill level 9 in Bows
 17121 | D:10     | Noticed a hill giant
 17164 | D:10     | Killed a hill giant
 17281 | D:10     | Reached XP level 11. HP: 69/69 MP: 14/21
 17327 | D:10     | Gained mutation: Your muscles are strong. (Str +2) [mutagenic meat]
 17553 | D:10     | Noticed Snorg
 17821 | D:10     | Noticed a hill giant
 17823 | D:10     | Noticed Nergalle
 17835 | D:10     | Killed a hill giant
 17835 | D:10     | Acquired Dithmenos's third power
 17856 | D:10     | Killed Nergalle
 18174 | D:10     | Killed Snorg
 18695 | D:11     | Learned a level 4 spell: Force Lance
 18861 | D:11     | Gained mutation: Your muscles are very strong. (Str +4) [mutagenic meat]
 19092 | D:11     | Reached skill level 10 in Stealth
 19180 | D:11     | Found a staircase to the Lair.
 19611 | Lair:1   | Entered Level 1 of the Lair of Beasts
 19637 | Lair:1   | Noticed Urug
 20317 | D:11     | Noticed a hill giant
 20328 | D:11     | Killed a hill giant
 20328 | D:11     | Reached skill level 10 in Bows
 20910 | D:12     | Reached XP level 12. HP: 76/76 MP: 24/24
 20930 | D:12     | Reached skill level 5 in Fighting
 21267 | D:12     | Learned a level 5 spell: Phase Shift
 21408 | D:12     | Reached skill level 1 in Conjurations
 21553 | D:12     | Found a staircase to the Orcish Mines.
 22221 | D:11     | Killed Urug
 22221 | D:11     | Reached skill level 5 in Charms
 22747 | Lair:1   | Acquired Dithmenos's fourth power
 23053 | Lair:1   | Got a crystal rapier
 23054 | Lair:1   | Identified the +2 rapier of Truncation {antimagic, Str+5 Int-3} (You found it on level 1 of the Lair of Beasts)
 23332 | Lair:1   | Reached skill level 10 in Dodging
 24267 | Lair:2   | Learned a level 3 spell: Confuse
 24826 | Lair:2   | Reached skill level 10 in Long Blades
 26512 | Lair:3   | Found a stormy altar of Qazlal.
 27161 | Lair:3   | Reached XP level 13. HP: 73/81 MP: 22/27
 27457 | Lair:4   | Got an ichor-stained leather armour
 27458 | Lair:4   | Identified the cursed +0 leather armour of Misy {+Inv Slay+3 Stlth+} (You found it on level 4 of the Lair of Beasts)
 27831 | Lair:4   | Reached skill level 11 in Stealth
 28512 | Lair:5   | Found a hole to the Spider Nest.
 28543 | Lair:5   | Reached skill level 1 in Evocations
 28761 | Lair:5   | Noticed Nessos
 29118 | Lair:5   | Identified a scroll of acquirement
 29317 | Lair:5   | Killed Nessos
 29678 | Spider:1 | Entered Level 1 of the Spider Nest
 29900 | Lair:5   | Upgraded the game from 0.17-a0-1987-gaf5a542 to 0.17-a0-1996-gd2c0ec8
 30674 | Lair:6   | Found a staircase to the Swamp.
 30913 | Lair:6   | Reached skill level 1 in Invocations
 30927 | Lair:6   | Reached skill level 10 in Spellcasting
 31215 | Lair:6   | Slain by a death yak

Vault maps used:
D:1:      minmay_arrival_split_and_join, roderic_serpentine_path,
          grunt_decor_resistance, kennysheep_another_room,
          minmay_misc_feat_diagonals, minmay_lizard_king
D:2:      nicolae_tso_swordbearing_angel, nicolae_overflow_crystal_walls,
          grunt_decor_one_mirror, uniq_sigmund
D:3:      old_standard_altar, overflow_temple_1_default, uniq_jessica, uniq_iyjb
D:4:      nemelex_deck, minmay_temple_entry_statues, first_bread
D:5:      tgw_trog, kennysheep_little_box, lemuel_crystal_altar
D:6:      old_standard_altar, serial_shops, nicolae_shop_stone,
          roderic_chinese_pattern_swastika, kennysheep_generic_room_4,
          uniq_pikel
D:7:      minmay_crystal_room, the_bakery, xom_confusion_cloud, uniq_menkaure,
          uniq_joseph
D:8:      lemuel_doored_altar, hangedman_abyss_or_decor_passed
D:9:      zin_scriptorium, uniq_psyche, uniq_maurice
D:10:     serial_undead, serial_undead_b, serial_undead_c, serial_undead_a,
          serial_undead_b, serial_undead_c, serial_undead_d,
          small_statue_intersection, uniq_snorg, uniq_nergalle, uniq_sonja
D:11:     grunt_lair_entry_elf_guard_hut
D:12:     erik_orc_1
Lair:1:   lemuel_fruit_fields, uniq_urug
Lair:2:   beast_lair_carwin_large_3, special_room, serial_bayou_pond_d,
          nicolae_quartered_pool_medium, lemuel_fruit_fields
Lair:3:   kennysheep_abandoned_house, basic_altar, beast_lair_carwin_7
Lair:4:   bh_autumn_forest_stairs
Lair:5:   spider_nest_entry_a, uniq_nessos
Lair:6:   lemuel_slime, minmay_swamp_entry_worms, beast_lair_carwin_11
Spider:1: guppyfry_spider_mini_2

Action                   |  1- 3 |  4- 6 |  7- 9 | 10-12 | 13-15 || total
-------------------------+-------+-------+-------+-------+-------++-------
Melee: Short sword       |   230 |   264 |   192 |       |       ||   686
       Hand crossbow     |    91 |       |       |       |       ||    91
       Long sword        |       |       |   181 |   830 |   236 ||  1247
       Dagger            |       |       |       |    50 |    26 ||    76
 Fire: Shortbow          |       |    37 |   261 |   330 |    27 ||   655
Throw: Stone             |    57 |       |       |       |       ||    57
       Tomahawk          |     3 |     2 |       |     5 |       ||    10
       Javelin           |       |    38 |     5 |    21 |     4 ||    68
 Cast: Shroud of Golubri |     7 |    21 |    39 |    83 |    16 ||   166
       Teleport Other    |       |     4 |     1 |     4 |     1 ||    10
       Blink             |       |     1 |    11 |    12 |     1 ||    25
       Portal Projectile |       |       |    25 |    66 |     2 ||    93
       Gell's Gravitas   |       |       |       |     5 |       ||     5
       Force Lance       |       |       |       |    27 |    14 ||    41
       Phase Shift       |       |       |       |    13 |    12 ||    25
       Confuse           |       |       |       |     2 |     1 ||     3
       Apportation       |       |       |       |       |     1 ||     1
Invok: Shadow Step       |       |       |       |     1 |    12 ||    13
 Abil: Evoke Invisibilit |       |       |       |       |     2 ||     2
Evoke: Deck              |       |       |     1 |     2 |       ||     3
       Wand              |       |       |       |     3 |       ||     3
  Use: Scroll            |     4 |       |     8 |    16 |    15 ||    43
       Potion            |       |       |     4 |       |     1 ||     5
 Stab: Sleeping          |     3 |     2 |     3 |    37 |    35 ||    80
       Invisible         |       |       |     1 |       |       ||     1
       Distracted        |       |       |       |     3 |       ||     3
       Confused          |       |       |       |     1 |     2 ||     3
  Eat: Chunk             |     5 |     5 |    17 |    22 |     1 ||    50
       Fruit             |     2 |     1 |     3 |       |       ||     6
       Meat ration       |       |     1 |       |     2 |     1 ||     4
       Bread ration      |       |     1 |     2 |     4 |     2 ||     9
       Beef jerky        |       |       |     1 |     2 |       ||     3
       Pizza             |       |       |       |     1 |     1 ||     2
